 Dungeon Crawl Stone Soup version 0.18.1-50-g88ac8fd (webtiles) character file.

1331 Patate the Cudgeler (level 8, -5/52 HPs)
             Began as a Gargoyle Fighter on Oct 2, 2016.
             Was a Follower of Trog.
             Slain by an orc warrior
             ... wielding a +0 halberd
              (11 damage)
             ... on level 6 of the Dungeon on Oct 9, 2016.
             The game lasted 00:13:21 (4850 turns).

Patate the Cudgeler (Gargoyle Fighter)              Turns: 4850, Time: 00:13:21

Health: -5/52      AC: 18    Str: 20 (21) XL:     8   Next: 60%
Magic:  8/8        EV:  7    Int: 10      God:    Trog [*.....]
Gold:   134        SH:  9    Dex:  9      Spells: 0 memorised, 7 levels left

rFire  . . .     SeeInvis .     a - +0 flail
rCold  . . .     Gourm    .     b - +0 scale mail
rNeg   + + .     Faith    .     c - +0 shield
rPois  ∞         Spirit   .     v - +0 helmet
rElec  +         Dismiss  .     i - +2 cloak
rCorr  .         Reflect  .     (no gloves)
SustAt .         Harm     .     D - +0 pair of boots
MR     .....                    (no amulet)
Stlth  ..........               t - ring of positive energy
                                l - ring of loudness (curse)

@: not resistant to hostile enchantments, extremely unstealthy
A: negative energy resistance 1, electricity resistance, unbreathing,
petrification resistance, rot immunity, AC +5
a: Berserk, Burn Spellbooks, Renounce Religion


You were on level 6 of the Dungeon.
You worshipped Trog.
Trog was aware of your devotion.
You were hungry.

You visited 2 branches of the dungeon, and saw 7 of its levels.

You collected 359 gold pieces.
You spent 225 gold pieces at shops.

Inventory:

Hand Weapons
 a - a +0 flail (weapon)
 o - a +1 whip of flaming
Armour
 b - a +0 scale mail (worn)
 c - a +0 shield (worn)
 i - a +2 cloak (worn)
 v - a +0 helmet (worn)
 D - a +0 pair of boots (worn)
Jewellery
 l - a cursed ring of loudness (left hand)
 t - a ring of positive energy (right hand)
Wands
 q - a wand of random effects (21/48)
 r - a wand of iceblast (10/15)
Scrolls
 e - 2 scrolls of fog {unknown}
 g - 5 scrolls of teleportation
 j - a scroll of remove curse {unknown}
 k - 4 scrolls of recharging {unknown}
 m - a scroll of fear {unknown}
 s - 2 scrolls of identify
 y - a scroll of magic mapping
Potions
 d - a potion of might
 w - 2 potions of haste
 x - 4 potions of curing
 z - a potion of flight
 A - 3 potions of heal wounds
Books
 B - a book of Misfortune

   Spells                             Type                      Level
   a - Confusing Touch                Hexes                        2
   b - Confuse                        Hexes                        3
   c - Gell's Gravitas                Hexes/Translocation          3
   d - Petrify                        Transmutation/Earth          4
   e - Metabolic Englaciation         Hexes/Ice                    5
   f - Yara's Violent Unravelling     Hexes/Transmutation          5
   Trog disapproves of the use of such an item.
Comestibles
 f - 4 bread rations
 h - a royal jelly
 n - 3 meat rations
 p - a slice of pizza
 u - 6 fruits
 C - a beef jerky


   Skills:
 + Level 6.5 Fighting
 * Level 7.5 Maces & Flails
 + Level 6.4 Armour
 - Level 3.2 Shields


You had 7 spell levels left.
You didn't know any spells.

Dungeon Overview and Level Annotations

Branches:
Dungeon (6/15)             Temple (1/1) D:4

Altars:
Ashenzari
Cheibriados
Dithmenos
Elyvilon
Fedhas
Nemelex Xobeh
Okawaru
Pakellas
Qazlal
Ru
Trog
Vehumet
Xom
Yredelemnul
The Shining One
Jiyva

Shops:
D:5 *


Innate Abilities, Weirdness & Mutations

You are resistant to torment.
Your stone body is resilient (AC +5).
You are immune to poison.
You resist negative energy.
You are resistant to electric shocks.
You can survive without breathing.
You are immune to petrification.
You are immune to rotting.


Message History

The orc closely misses you. The orc warrior barely misses you.
Your shield prevents you from hitting the orc warrior.
The orc warrior is moderately wounded.
You block the orc's attack.
The orc warrior hits you but does no damage.
You hit the orc warrior.
The orc warrior is moderately wounded.
You block the orc's attack.
The orc warrior hits you with a halberd.
* * * LOW HITPOINT WARNING * * *
You hit the orc warrior but do no damage.
The orc warrior is moderately wounded.
You block the orc's attack. The orc warrior closely misses you.
You barely miss the orc warrior.
The orc warrior is moderately wounded.
The orc hits you but does no damage.
You hit the orc warrior.
The orc warrior is heavily wounded.
The orc warrior hits you with a halberd!
You die...

. ..# . ..#
#. #.#
.##?###
..... ...
#.# #o# #@#
#..o[.......
####.#.#####
..#.# #.# #
#.# ..# ###


You could see an orc warrior and an orc.

Vanquished Creatures
  Pikel (D:4)
  An orc warrior (D:6)
  2 iguanas
  A sky beast (D:5)
  A centaur (D:5)
  2 howler monkeys (D:5)
  2 crimson imps (D:5)
  An iron imp (D:5)
  A jelly (D:5)
  2 orc priests
  A giant frog skeleton (D:5)
  4 orc wizards
  6 adders
  A shadow imp (D:5)
  An ooze (D:1)
  4 worms
  2 dart slugs (D:2)
  2 giant geckos
  9 orcs
  5 giant cockroaches
  4 goblins
  4 hobgoblins
  3 jackals (D:1)
  2 ball pythons (D:3)
  A ball python skeleton (D:4)
  10 bats
  2 giant newts
  7 kobolds
  5 rats
87 creatures vanquished.

Vanquished Creatures (others)
  A slave (D:4)
  A howler monkey (D:4)
  An adder (D:4)
3 creatures vanquished.

Grand Total: 90 creatures vanquished

Notes
Turn   | Place    | Note
--------------------------------------------------------------
     0 | D:1      | Patate the Gargoyle Fighter began the quest for the Orb.
     0 | D:1      | Reached XP level 1. HP: 14/14 MP: 1/1
   203 | D:1      | Reached XP level 2. HP: 17/19 MP: 2/2
   664 | D:1      | Reached XP level 3. HP: 24/24 MP: 3/3
   837 | D:2      | Reached skill level 3 in Maces & Flails
   936 | D:2      | Reached XP level 4. HP: 26/29 MP: 4/4
  1111 | D:2      | Found a blossoming altar of Fedhas.
  1171 | D:2      | Found a bloodstained altar of Trog.
  1178 | D:2      | Became a worshipper of Trog the Wrathful
  1371 | D:3      | Reached XP level 5. HP: 6/33 MP: 5/5
  1382 | D:3      | Reached skill level 4 in Maces & Flails
  1934 | D:3      | Found an oddly glowing altar of Pakellas.
  2140 | D:4      | Found a staircase to the Ecumenical Temple.
  2149 | Temple   | Entered the Ecumenical Temple
  2302 | D:4      | Noticed a slave
  2303 | D:4      | Noticed Pikel
  2310 | D:4      | Noticed a slave
  2312 | D:4      | Noticed a slave
  2313 | D:4      | Noticed a slave
  2336 | D:4      | Killed Pikel
  2336 | D:4      | Reached skill level 5 in Fighting
  2336 | D:4      | Reached skill level 5 in Maces & Flails
  2336 | D:4      | Reached skill level 5 in Armour
  2336 | D:4      | Reached XP level 6. HP: 16/40 MP: 6/6
  2336 | D:4      | Reached XP level 7. HP: 17/44 MP: 7/7
  2795 | D:4      | Found a shadowy altar of Dithmenos.
  2897 | D:4      | Reached skill level 6 in Maces & Flails
  3335 | D:5      | Entered Level 5 of the Dungeon
  3351 | D:5      | Found a snail-covered altar of Cheibriados.
  3416 | D:5      | Found a white marble altar of Elyvilon.
  3424 | D:5      | Found a stormy altar of Qazlal.
  3424 | D:5      | Found a basalt altar of Yredelemnul.
  3450 | D:5      | Found Fumivvi's General Store.
  3465 | D:5      | Bought a potion of heal wounds for 55 gold pieces
  3465 | D:5      | Bought a scroll of identify for 22 gold pieces
  3465 | D:5      | Bought a scroll of magic mapping for 38 gold pieces
  3465 | D:5      | Bought a potion of heal wounds for 55 gold pieces
  3465 | D:5      | Bought a scroll of teleportation for 33 gold pieces
  3465 | D:5      | Bought a scroll of identify for 22 gold pieces
  3782 | D:5      | Reached XP level 8. HP: 51/51 MP: 8/8
  3837 | D:5      | Reached * piety under Trog
  4210 | D:5      | Reached skill level 7 in Maces & Flails
  4850 | D:6      | Slain by an orc warrior

Skill      XL: |  1  2  3  4  5  6  7  8 |
---------------+-------------------------+-----
Maces & Flails | 3 5 6 7 |  7.5
Fighting       | 4 5 6 |  6.5
Armour         | 5 6 |  6.4
Shields        | |  3.2

Action                   |  1- 3 |  4- 6 |  7- 9 || total
-------------------------+-------+-------+-------++-------
Melee: Flail             |   146 |   112 |   295 ||   553
Invok: Berserk           |       |       |     1 ||     1
  Use: Potion            |       |     5 |     1 ||     6
       Scroll            |       |       |     2 ||     2
  Eat: Chunk             |       |     5 |     8 ||    13
       Fruit             |       |       |     1 ||     1
Armor: Scale mail        |    87 |    85 |   181 ||   353
Dodge: Dodged            |    54 |    50 |    90 ||   194
Block: Shield            |    95 |    62 |   156 ||   313
